 Dungeon Crawl Stone Soup version 0.27-a0-1206-g6342a01c75 (webtiles) character file.

Game seed: 6937188443665538834

370 Glokmah the Grasshopper (level 6, -8/48 HPs)
             Began as a Barachi Warper on June 5, 2021.
             Splashed by a jelly's acid (10 damage)
             ... on level 4 of the Dungeon.
             The game lasted 00:07:39 (5136 turns).

Glokmah the Grasshopper (Barachi Warper)            Turns: 5136, Time: 00:07:39

Health: -8/48      AC:  0    Str: 13    XL:     6   Next: 70%
Magic:  7/10       EV: 13    Int: 13    God:
Gold:   124        SH:  0    Dex: 13    Spells: 3/11 levels left

rFire    . . .     SeeInvis .   b - +1 short sword (speed)
rCold    . . .     Faith    .   (no shield)
rNeg     . . .     Spirit   .   n - +2 robe {Will+}
rPois    .         Reflect  .   (no helmet)
rElec    .         Harm     .   (no cloak)
rCorr    .         Rampage  .   (no gloves)
Will     +....                  (no boots)
Stlth    +.........             (no amulet)
HPRegen  0.16/turn              h - +4 ring of protection
MPRegen  0.12/turn              (no ring)

@: corroded, unable to hop, slow
A: amphibious, slowness 1, strong legs 1, +LOS
a: Hop


You were on level 4 of the Dungeon.
You visited 1 branch of the dungeon, and saw 4 of its levels.

You collected 124 gold pieces.

Inventory:

Hand Weapons
 a - a +1 falchion
 b - a +1 short sword of speed (weapon)
 r - a +1 whip of holy wrath
Missiles
 e - 4 boomerangs of dispersal
 f - 22 poisoned darts (quivered)
Armour
 n - a +2 robe of willpower (worn)
Jewellery
 h - a +4 ring of protection (left hand)
Scrolls
 c - a scroll of fear
 d - 2 scrolls of blinking
 j - a scroll of identify
Potions
 g - a potion of attraction {unknown}
 i - 2 potions of flight
 l - a potion of degeneration {unknown}
 m - a potion of cancellation {unknown}
 o - a potion of mutation {unknown}
 s - 2 potions of might {unknown}


   Skills:
 + Level 3.7 Fighting
 * Level 5.0 Long Blades
 - Level 1.0 Throwing
 - Level 1.2 Armour
 + Level 3.2 Dodging
 + Level 3.2 Spellcasting
 * Level 5.1 Translocations


You had 3 spell levels left.
You knew the following spells:

 Your Spells              Type           Power      Damage    Failure   Level
a - Blink                 Tloc           N/A        N/A       4%          2
b - Gell's Gravitas       Tloc           7%         N/A       9%          3
c - Teleport Other        Tloc           15%        N/A       9%          3

Your spell library contained the following spells:

 Spells                   Type           Power      Damage    Failure   Level
 Lesser Beckoning         Tloc           7%         N/A       9%          3
 Manifold Assault         Tloc           15%        N/A       58%         5


Dungeon Overview and Level Annotations

Branches:
Dungeon (4/15)
 Temple: D:4-7

Altars:

Annotations:
D:3 1 runed translucent door, schwarznadel's ghost, amateur FoFi


Innate Abilities, Weirdness & Mutations

You are amphibious.
You cover ground slowly.
You can hop short distances.
You have an extended range of vision and can be seen from far away.


Message History

Aim: an orc wizard, wielding a +0 dagger and wearing a +0 robe (50% to hit)
You throw a poisoned dart.
The poisoned dart barely misses the orc wizard.
The poisoned dart hits the orc wizard.
Throw: 23 darts (poison)
Press: ? - help, Q - select action, (/) - cycle Shift-Dir - straight line, f - jelly
Aim: a jelly (89% to hit)
You throw a poisoned dart. The poisoned dart hits the jelly.
The jelly hits you. The acid corrodes you!
You are splashed with acid!
* * * LOW HITPOINT WARNING * * *
You hit the jelly.
Your hands burn!
* * * LOW HITPOINT WARNING * * *
The jelly is moderately wounded.
The jelly hits you but does no damage.
Hop to where?
Press: ? - help, Dir - move target, p - jelly Boing!
The orc priest looks braver for a moment.
Cast which spell? (? or * to list)
You blink.
The jelly closely misses you.
The orc wizard hits you but does no damage.
Casting: Blink (safe; 4% risk of failure)
Confirm with . or Enter, or press ? or * to list all spells.
You blink.
The jelly hits you but does no damage. The jelly barely misses you.
The orc wizard gestures at itself while chanting.
The orc wizard flickers and vanishes!
Deactivating autopickup; reactivate with Ctrl-A.
The jelly hits you but does no damage.
The jelly jiggles.
The jelly hits you.
* * * LOW HITPOINT WARNING * * *
The acid corrodes you!
You are splashed with acid!
* * * LOW HITPOINT WARNING * * *
There is a stone staircase leading up here.
Unknown command.
The jelly hits you.
* * * LOW HITPOINT WARNING * * *
You are splashed with acid!
You die...

*,,,,,......o..(# *,,,*
*,,,,,..........# **,,*
*,,,,,..........#***,,*
*,,,,,.....J.$..#,,,,,*
*,,,,,........(.#,#,,,*
*,,,,,..........#.#,,>*
*******#..........#**** *****
############o###* ,,,,*
##..#@J..o.#....# ***
,,,,**########....###.#..#.#***,,
,,,,,,#≈.)≈≈≈'....o....oo#...,+,,
,,,,,,########÷...##.###.#*###*,,
***,,,.....................,,,+,,
*,,,..............##....##***,,
*,,,..............#*,...+,,**,,
*,,.......#####...#,.♣P..*,**,,
*,,.......* #...#,.♣♣..#,,,,,


You could see a jelly, an orc priest and an orc wizard.

Vanquished Creatures
  The ghost of Gilette the Skirmisher, an amateur OgHu of Nemelex Xobeh (D:4)
  A hound (D:4)
  Jessica (D:2)
  An orc wizard (D:3)
  Natasha (thrice) (D:2)
  5 adders
  2 worms (D:2)
  A dart slug (D:3)
  2 orcs (D:3)
  6 bats
  5 endoplasms
  2 giant cockroaches
  5 goblins
  4 hobgoblins
  2 jackals (D:3)
  A quokka (D:1)
  5 ball pythons
  5 frilled lizards
  7 kobolds
  6 rats
65 creatures vanquished.

Notes
Turn   | Place    | Note
-------+----------+-------------------------------------------
     0 | D:1      | Glokmah the Barachi Warper began the quest for the Orb.
     0 | D:1      | Reached XP level 1. HP: 17/17 MP: 3/3
   240 | D:1      | Reached XP level 2. HP: 19/23 MP: 5/5
   449 | D:1      | You fall into a shaft and drop 1 floor!
   453 | D:2      | Noticed Jessica
   818 | D:2      | Learned a level 2 spell: Blink
   854 | D:2      | Found a faded altar of an unknown god.
  1354 | D:1      | Reached XP level 3. HP: 28/28 MP: 6/6
  2317 | D:2      | Killed Jessica
  2318 | D:2      | Reached XP level 4. HP: 22/35 MP: 7/7
  2336 | D:2      | Learned a level 3 spell: Gell's Gravitas
  2340 | D:2      | Learned a level 3 spell: Teleport Other
  2742 | D:2      | You fall into a shaft and drop 1 floor!
  3300 | D:2      | Noticed Natasha
  3306 | D:2      | Killed Natasha
  3645 | D:2      | Noticed Natasha
  3654 | D:2      | Killed Natasha
  3655 | D:2      | Reached XP level 5. HP: 37/41 MP: 9/9
  3792 | D:2      | Noticed Natasha
  3813 | D:2      | Killed Natasha
  4007 | D:3      | Found a runed translucent door.
  4008 | D:3      | Noticed schwarznadel's ghost (amateur FoFi)
  4799 | D:4      | Found a runed translucent door.
  4799 | D:4      | Noticed Gilette's ghost (amateur OgHu)
  4819 | D:4      | Reached XP level 6. HP: 43/47 MP: 10/10
  5032 | D:4      | Killed Gilette's ghost
  5033 | D:4      | Reached skill level 5 in Long Blades
  5033 | D:4      | Reached skill level 5 in Translocations
  5136 | D:4      | HP: 2/48 [jelly (2)]
  5136 | D:4      | Splashed by a jelly's acid

Illustrated notes

Levels and vault maps discovered:
D:1:      erik_arrival_triangle_large, layout_basic,
          hangedman_abyss_or_decor_lesser_grid, amcnicky_mini_corridor_feature
D:2:      layout_basic, basic_ecumenical_altar, serial_co_window_serial,
          co_window_paths_b, co_window_of_opportunity_a,
          co_window_of_opportunity_a, co_window_corner_a, co_window_paths_b,
          co_window_paths_a, co_window_corner_a, co_window_2corner,
          co_window_unsneaky_path_c, co_window_paths_c, co_window_2corner,
          co_window_broadway_b, glass_columns_a, uniq_jessica, uniq_natasha
D:3:      layout_loops_ring, ebering_ghost_reflecting_pool
D:4:      layout_basic, nicolae_overflow_hidden_temple, old_standard_altar,
          ebering_ghost_sewer_d, gup_sewer_entry_bowl, serial_park_tiny_1

Skill      XL: |  1  2  3  4  5  6 |
---------------+-------------------+-----
Long Blades    | 3 4 5 |  5.0
Fighting       | 3 |  3.7
Translocations | 4 5 |  5.1
Spellcasting   | 3 |  3.2
Dodging        | 3 |  3.2
Throwing       | |  1.0
Armour         | |  1.2

Action                   |  1- 3 |  4- 6 || total
-------------------------+-------+-------++-------
Melee: Falchion          |    98 |   120 ||   218
       Short sword       |       |    76 ||    76
Throw: Dart              |    32 |    23 ||    55
       Boomerang         |     1 |       ||     1
 Cast: Blink             |       |     2 ||     2
 Abil: Hop               |     2 |     3 ||     5
  Use: Scroll            |       |     6 ||     6
 Stab: Sleeping          |     2 |     1 ||     3
Armor: Leather armour    |    20 |       ||    20
       Robe              |       |    70 ||    70
Dodge: Dodged            |    65 |    98 ||   163
       Rpst.: Falchion   |    16 |    24 ||    40

Table legend: (Time is in decaauts)
 A = Elapsed time spent in this place.
 B = Non-inter-level travel time spent in this place.
 C = Inter-level travel time spent in this place.
 D = Time resting spent in this place.
 E = Time spent auto-exploring this place.
 F = Levels seen in this place.
 G = Mean time per level.
                   A        B        C        D        E       F      G
               +--------+--------+--------+--------+--------+-----+--------+
         Total |   5671 |   5182 |    489 |   1292 |   2937 |   4 | 1417.8 |
       Dungeon |   5671 |   5182 |    489 |   1292 |   2937 |   4 | 1417.8 |
               +--------+--------+--------+--------+--------+-----+--------+

Top non-repeatable levels by time:
     D:2: 2966 daAuts
     D:3: 1297 daAuts
     D:1: 1227 daAuts
     D:4: 180 daAuts
